 Dungeon Crawl Stone Soup version 0.23.2-40-g277498a001 (webtiles) character file.

Game seed: 18138698085581179883

3539 Amplified the Fighter (level 9, 0/75 HPs)
             Began as a Mummy Skald on Aug 18, 2019.
             Slain by a wyvern (8 damage)
             ... on level 8 of the Dungeon.
             The game lasted 00:24:35 (9978 turns).

Amplified the Fighter (Mummy Skald)                 Turns: 9978, Time: 00:24:36

Health: 0/75       AC: 11    Str: 22    XL:     9   Next: 82%
Magic:  13/13      EV: 13    Int: 12    God:
Gold:   0          SH:  0    Dex: 11    Spells: 6/14 levels left

rFire    x . .     SeeInvis +   j - +6 mace
rCold    + . .     Gourm    .   (no shield)
rNeg     + + +     Faith    .   l - +0 robe "Fanim" {+Fly rElec Str+7 Int-3} (curse)
rPois    ∞         Spirit   .   d - +2 helmet {SInv}
rElec    +         Reflect  .   (no cloak)
rCorr    .         Harm     .   i - +2 pair of gloves
MR       +....                  c - +2 pair of boots
Stlth    +.........             g - amulet of rage
HPRegen  0.22/turn              m - -3 ring of evasion (curse)
MPRegen  0.13/turn              o - +4 ring of evasion

@: no status effects
A: no food or potions, fire vulnerability, cold resistance 1, negative energy
resistance 3, torment resistance, unbreathing
a: Evoke Flight


You were on level 8 of the Dungeon.
You were not hungry.

You visited 2 branches of the dungeon, and saw 10 of its levels.

Inventory:

Hand Weapons
 j - a +6 mace (weapon)
Missiles
 n - 16 poisoned needles
Armour
 b - a +0 leather armour
 c - a +2 pair of boots (worn)
 d - a +2 helmet of see invisible (worn)
 f - a +0 scale mail of poison resistance
 i - a +2 pair of gloves (worn)
 k - a +3 leather armour
 l - the cursed +0 robe "Fanim" (worn) {+Fly rElec Str+7 Int-3}
   (You found it on level 5 of the Dungeon)

   It affects your strength (+7).
   It affects your intelligence (-3).
   It insulates you from electricity.
   It lets you fly.
   It has a curse placed upon it.
 p - a +2 robe of cold resistance
Jewellery
 a - a +3 ring of dexterity
 g - an amulet of rage (around neck)
 m - a cursed -3 ring of evasion (left hand)
 o - a +4 ring of evasion (right hand)
Scrolls
 h - 3 scrolls of enchant armour
 q - a scroll of enchant weapon


   Skills:
 * Level 8.8 Fighting
 * Level 7.4 Maces & Flails
 + Level 3.6 Armour
 - Level 1.5 Dodging
 - Level 3.1 Spellcasting
 - Level 4.7 Hexes
 - Level 2.4 Charms


You had 6 spell levels left.
You knew the following spells:

 Your Spells              Type           Power        Failure   Level  Hunger
a - Infusion              Chrm           #...         9%          1    N/A
b - Song of Slaying       Chrm           #.......     14%         2    N/A
c - Shroud of Golubria    Chrm/Tloc      #.........   22%         2    N/A
d - Spectral Weapon       Hex/Chrm       ##......     17%         3    N/A

Your spell library contained the following spells:

 Spells                   Type           Power        Failure   Level  Hunger
 Regeneration             Chrm/Necr      Unusable     N/A         3    N/A

Dungeon Overview and Level Annotations

Branches:
Dungeon (9/15)             Temple (1/1) D:5
   Lair: D:8-11         Orc: D:9-12

Altars:
Ashenzari
Cheibriados
Fedhas
Gozag
Hepliaklqana
Makhleb
Nemelex Xobeh
Okawaru
Qazlal
Ru
Trog
Uskayaw
Vehumet
Wu Jian
Yredelemnul
Zin
The Shining One
Beogh

Annotations:
D:8 Joseph, Maurice


Innate Abilities, Weirdness & Mutations

You do not eat or drink.
Your flesh is vulnerable to fire.
You are immune to poison.
Your flesh is cold resistant. (rC+)
You are immune to negative energy. (rN+++)
You are immune to unholy pain and torment.
You can survive without breathing.


Message History

Found a blowgun.
The wyvern misses you.
Found a stone staircase leading down.
There is an escape hatch in the ceiling here.
The wyvern bites you.
* * * LOW HITPOINT WARNING * * *
The orc closely misses you. The wyvern bites you!
* * * LOW HITPOINT WARNING * * *
A mysterious force pulls you upwards. The hatch slams shut behind you.
Level annotation: Joseph, Maurice Maurice shouts!
Maurice mumbles some strange words.
Maurice puts on a burst of speed!
Maurice zaps a wand.
You resist with almost no effort.
Unknown command.
Unknown command.
Maurice throws a stone.
The stone closely misses you.
Maurice mumbles some strange words.
Maurice blinks!
The wyvern bites you!
You die...

#...............###.#
##...............##.###
##.........§.....#...##
#.....................### #
#.......................##
##
#........................#
.##
#..................##)...##
..##
#...........o.......##....#
...#
#..........@l........###.##
...# #............(.......#
##.# ...#
#...............#######..#
<..## ##........#######
#...# ....###.#########
##..## ....#..## ##...#
......## ##....# ..?..##
#.....# ....## ##..#..#


You could see a wyvern and an orc.

Vanquished Creatures
  Prince Ribbit (D:7)
  A hungry ghost (D:8)
  Duvessa (D:7)
  2 sky beasts
  An ice beast (D:7)
  An orc warrior (D:6)
  3 ogres
  3 phantoms
  A centaur (D:5)
  Blork the orc (D:6)
  3 bullfrogs (D:7)
  Dowan (D:7)
  3 scorpions
  12 killer bees (D:7)
  A crimson imp (D:4)
  6 orc priests
  2 bullfrog skeletons
  4 hounds (D:7)
  A jelly (D:5)
  6 orc wizards
  A gnoll shaman (D:5)
  An iguana (D:4)
  An iron imp (D:6)
  Jessica (D:2)
  3 centaur skeletons
  Terence (D:2)
  2 worker ants
  2 hound skeletons
  A worker ant zombie (D:7)
  9 adders
  3 gnolls (D:5)
  2 shadow imps (D:6)
  2 oozes (D:6)
  A worm (D:4)
  7 dart slugs
  15 leopard geckos
  27 orcs
  5 giant cockroaches
  6 goblins
  8 hobgoblins
  7 jackals
  2 kobolds (D:1)
  5 quokkas
  2 ball pythons (D:1)
  4 bats
  5 frilled lizards
  A jackal zombie (D:4)
  A quokka zombie (D:8)
  10 rats
189 creatures vanquished.

Vanquished Creatures (others)
  3 spectral weapons
3 creatures vanquished.

Grand Total: 192 creatures vanquished

Notes
Turn   | Place    | Note
-------+----------+-------------------------------------------
     0 | D:1      | Amplified the Mummy Skald began the quest for the Orb.
     0 | D:1      | Reached XP level 1. HP: 16/16 MP: 4/4
   205 | D:1      | Reached XP level 2. HP: 17/22 MP: 1/5
   729 | D:1      | Reached XP level 3. HP: 16/28 MP: 3/7
   844 | D:1      | Learned a level 2 spell: Song of Slaying
   847 | D:1      | Learned a level 2 spell: Shroud of Golubria
   851 | D:1      | Learned a level 3 spell: Spectral Weapon
  1238 | D:2      | Noticed Terence
  1317 | D:3      | Found a stormy altar of Qazlal.
  1392 | D:3      | Reached skill level 3 in Fighting
  1516 | D:3      | Reached XP level 4. HP: 35/35 MP: 8/8
  1555 | D:3      | Found a hazy altar of Hepliaklqana.
  1681 | D:3      | Reached skill level 1 in Hexes
  1805 | D:3      | Noticed an ogre
  2164 | D:4      | Reached XP level 5. HP: 38/41 MP: 0/9
  2193 | D:4      | Noticed a phantom
  2207 | D:4      | Killed a phantom
  2215 | D:4      | Reached skill level 4 in Fighting
  2215 | D:4      | Reached XP level 6. HP: 48/48 MP: 1/10
  2335 | D:4      | Found a roughly hewn altar of Beogh.
  2354 | D:5      | Entered Level 5 of the Dungeon
  2569 | D:5      | Reached XP level 7. HP: 23/55 MP: 0/11
  2685 | D:5      | Found a staircase to the Ecumenical Temple.
  2692 | Temple   | Entered the Ecumenical Temple
  2824 | D:5      | Got a slimy robe
  2847 | D:5      | Found a shattered altar of Ashenzari.
  2858 | D:5      | Identified the cursed +0 robe "Fanim" {+Fly rElec Str+7
                  | Int-3} (You found it on level 5 of the Dungeon)
  3314 | D:4      | Reached skill level 5 in Fighting
  3769 | D:6      | Noticed Blork the orc
  4009 | D:7      | Found a hide-covered altar of Uskayaw.
  4027 | D:7      | Found a burning altar of Makhleb.
  4327 | D:6      | Found a snail-covered altar of Cheibriados.
  4440 | D:4      | Found a glowing golden altar of the Shining One.
  5047 | D:2      | Reached XP level 8. HP: 61/63 MP: 12/12
  5094 | D:2      | Killed Terence
  5278 | D:2      | Noticed Jessica
  5284 | D:2      | Killed Jessica
  5680 | D:5      | Reached skill level 5 in Maces & Flails
  5865 | D:4      | Reached skill level 6 in Fighting
  6229 | D:6      | Found a blossoming altar of Fedhas.
  6333 | D:7      | Reached skill level 1 in Armour
  6384 | D:8      | Noticed Joseph
  6435 | D:7      | Noticed Prince Ribbit
  6457 | D:7      | Killed Prince Ribbit
  6513 | D:7      | Reached skill level 7 in Fighting
  6540 | D:7      | Reached XP level 9. HP: 13/72 MP: 9/13
  7126 | D:7      | Found a radiant altar of Vehumet.
  7181 | D:7      | Noticed Duvessa
  7182 | D:7      | Noticed Dowan
  7189 | D:7      | Killed Duvessa
  7204 | D:7      | Killed Dowan
  7703 | D:7      | Identified the +1 robe "Wudghod" {+Inv rElec}
  8299 | D:6      | Reached skill level 8 in Fighting
  8313 | D:6      | Killed Blork the orc
  9390 | D:8      | Found an opulent altar of Gozag.
  9392 | D:8      | Noticed Maurice
  9405 | D:8      | Paralysed by Maurice for 4 turns
  9802 | D:8      | Paralysed by Maurice for 7 turns
  9978 | D:8      | Slain by a wyvern

Skill      XL: |  1  2  3  4  5  6  7  8  9 |
---------------+----------------------------+-----
Maces & Flails | 2 3 4 6 7 |  7.4
Spellcasting   | 3 |  3.1
Fighting       | 3 4 5 7 8 |  8.8
Hexes          | 1 2 3 4 |  4.7
Armour         | 2 3 |  3.6
Dodging        | |  1.5
Charms         | |  2.4

Action                   |  1- 3 |  4- 6 |  7- 9 || total
-------------------------+-------+-------+-------++-------
Melee: Mace              |   111 |   138 |   331 ||   580
Throw: Throwing net      |       |       |     1 ||     1
 Cast: Infusion          |    21 |    18 |     3 ||    42
       Song of Slaying   |     1 |     4 |     7 ||    12
       Spectral Weapon   |       |     2 |    28 ||    30
       Shroud of Golubri |       |       |    10 ||    10
Evoke: Wand              |       |       |    28 ||    28
  Use: Scroll            |     4 |     3 |    13 ||    20
 Stab: Held in net/web   |       |       |     1 ||     1
       Paralysed         |       |       |    18 ||    18
       Distracted        |       |       |     3 ||     3
Armor: Leather armour    |     5 |    10 |       ||    15
       Ring mail         |    37 |    52 |       ||    89
       Robe              |       |       |   165 ||   165
Dodge: Dodged            |    73 |    83 |   225 ||   381
